 Dungeon Crawl Stone Soup version 0.19.3-4-gbf9329e (console) character file.

2130 Kloppie the Skirmisher (level 9, 0/108 HPs)
             Began as a Demonspawn Berserker on Jan 28, 2017.
             Was an Elder of Trog.
             Slain by a warg (2 damage)
             ... on level 6 of the Dungeon.
             The game lasted 00:07:44 (6067 turns).

Kloppie the Skirmisher (Demonspawn Berserker)       Turns: 6067, Time: 00:07:44

Health: 0/108      AC: 24    Str: 17    XL:     9   Next: 9%
Magic:  9/9        EV:  2    Int: 12    God:    Trog [****..]
Gold:   532        SH:  0    Dex: 16    Spells: 0 memorised, 8 levels left

rFire  . . .     SeeInvis .     a - +0 hand axe
rCold  . . .     Gourm    .     (armour currently unavailable)
rNeg   + + +     Faith    .     (no shield)
rPois  +         Spirit   .     (helmet currently unavailable)
rElec  .         Reflect  .     (cloak currently unavailable)
rCorr  .         Harm     .     (gloves currently unavailable)
MR     ++...     NoTele   +     (boots currently unavailable)
Stlth  +.........               (no amulet)
                                n - ring of flight
                                h - +3 ring of intelligence

@: exhausted, tree-form, regenerating, slowed, very slow
A: (slimy green scales 0), demonic guardian 1
a: Berserk, Trog's Hand, Brothers in Arms, Burn Spellbooks, Renounce Religion


You were on level 6 of the Dungeon.
You worshipped Trog.
Trog was greatly pleased with you.
You were near starving.
You were a tree.
You visited 1 branch of the dungeon, and saw 7 of its levels.

You collected 532 gold pieces.

Inventory:

Hand Weapons
 a - a +0 hand axe (weapon)
Armour
 e - a +0 cloak (melded)
 w - a +0 plate armour (melded)
 y - a +0 pair of boots (melded)
Jewellery
 h - a +3 ring of intelligence (left branch)
 i - an uncursed ring of magical power
 n - a ring of flight (right branch)
Wands
 u - a wand of digging (8/24)
 A - a wand of random effects (20/48)
Scrolls
 b - 3 scrolls of enchant armour {unknown}
 d - a scroll of magic mapping {unknown}
 k - a scroll of recharging {unknown}
 m - 2 scrolls of fear {unknown}
 o - 4 scrolls of remove curse {unknown}
 q - a scroll of enchant weapon {unknown}
 r - a scroll of fog {unknown}
 t - a scroll of noise {unknown}
Potions
 f - a potion of degeneration {unknown}
 j - 5 potions of curing
 p - a potion of flight
 v - 2 potions of haste
Books
 s - a book of Changes

   Spells                             Type                      Level
   a - Beastly Appendage              Transmutation                1
   b - Sticks to Snakes               Transmutation                2
   c - Spider Form                    Transmutation/Poison         3
   d - Ice Form                       Ice/Transmutation            4
   e - Blade Hands                    Transmutation                5
   Trog disapproves of the use of such an item.
Comestibles
 c - 3 bread rations
 l - 2 slices of pizza
 x - a beef jerky
 z - 4 fruits
 B - 4 chunks of flesh


   Skills:
 - Level 7.0 Fighting
 + Level 6.8 Axes
 * Level 7.0 Armour
 - Level 1.7 Dodging


You had 8 spell levels left.
You didn't know any spells.

Dungeon Overview and Level Annotations

Branches:
Dungeon (7/15)
 Temple: D:4-7

Altars:
Dithmenos
Elyvilon
Gozag
Okawaru
Sif Muna
Trog
Xom
Zin


Innate Abilities, Weirdness & Mutations

((You are mostly covered in slimy green scales. (AC +3)))
A weak demonic guardian rushes to your aid.


Message History

The orc dies!
Trog accepts your kill. The warg bites you.
* * * LOW HITPOINT WARNING * * *
The warg bites you but does no damage.
You hit the warg.
The warg is severely wounded.
You barely miss the warg. The warg barely misses you.
The warg bites you but does no damage. x2
Your white imp closely misses the warg.
You closely miss the warg. You hit the warg but do no damage.
The warg bites you!
* * * LOW HITPOINT WARNING * * *
The warg bites you!
* * * LOW HITPOINT WARNING * * *
Your white imp closely misses the warg.
The warg bites you but does no damage. x2
Your white imp closely misses the warg.
You miss the warg. You barely miss the warg.
The warg bites you but does no damage. The warg bites you.
You die...

###### ##########
##....####........#
#.................#
#....#..8..#......#
#....##...##...(..#
######....#######.......
#.........##..)##.......
#.....)5..#..8..#.......
#......♣h...............
#.......h..##...#####..(
#.............### ####
###.###....#### #.# #.#### #
#.# #.# ### #.# #.##### #..
#.###.....##########.#
##########.........'..........#


You could see 2 wargs and a friendly white imp.

Vanquished Creatures
  The ghost of fatfloppyjuicyveiny the Quickloader, a novice CeHu of Okawaru (D:6)
  Grinder (D:4)
  An orc warrior (D:5)
  A sky beast (D:7)
  2 ogres (D:5)
  A phantom (D:4)
  2 bullfrogs
  3 howler monkeys
  A crimson imp (D:6)
  A quasit (D:5)
  4 hounds
  A jelly (D:5)
  2 orc priests
  4 orc wizards
  2 iguanas
  Natasha (thrice) (D:2)
  4 worker ants
  A howler monkey skeleton (D:5)
  5 adders
  5 gnolls
  5 shadow imps
  An ooze (D:4)
  An adder skeleton (D:6)
  A worm (D:2)
  3 dart slugs
  5 leopard geckos
  20 orcs
  5 giant cockroaches
  9 hobgoblins
  7 jackals
  A quokka (D:4)
  A ball python (D:4)
  12 bats
  17 frilled lizards
  9 goblins
  7 kobolds
  A leopard gecko skeleton (D:4)
  11 rats
161 creatures vanquished.

Vanquished Creatures (collateral kills)
  A centaur (D:6)
  A bullfrog (D:7)
  A bullfrog zombie (D:6)
  An orc wizard (D:7)
  An orc (D:6)
  A giant cockroach (D:7)
  A frilled lizard (D:2)
7 creatures vanquished.

Grand Total: 168 creatures vanquished

Notes
Turn   | Place    | Note
-------+----------+-------------------------------------------
     0 | D:1      | Kloppie the Demonspawn Berserker began the quest for the Orb.
     0 | D:1      | Reached XP level 1. HP: 18/18 MP: 1/1
   219 | D:1      | Gained mutation: You are partially covered in slimy green scales. (AC +2) [demonic ancestry]
   219 | D:1      | Reached XP level 2. HP: 5/24 MP: 2/2
  1183 | D:1      | Gained mutation: A weak demonic guardian rushes to your aid. [demonic ancestry]
  1183 | D:1      | Reached XP level 3. HP: 30/30 MP: 3/3
  1290 | D:2      | Reached ** piety under Trog
  1339 | D:2      | Reached XP level 4. HP: 38/38 MP: 4/4
  1468 | D:2      | Noticed Natasha
  1480 | D:2      | Killed Natasha
  1671 | D:2      | Found a white marble altar of Elyvilon.
  1722 | D:2      | Found a bloodstained altar of Trog.
  1766 | D:2      | Found a shadowy altar of Dithmenos.
  1776 | D:2      | Found a shimmering altar of Xom.
  1896 | D:2      | Noticed Natasha
  1907 | D:2      | Killed Natasha
  1907 | D:2      | Reached skill level 5 in Fighting
  1907 | D:2      | Reached XP level 5. HP: 26/44 MP: 5/5
  1921 | D:2      | Noticed Natasha
  2095 | D:2      | Killed Natasha
  2205 | D:3      | You fall through a shaft!
  2340 | D:4      | Found an opulent altar of Gozag.
  2373 | D:4      | Found a deep blue altar of Sif Muna.
  2526 | D:3      | Reached *** piety under Trog
  3372 | D:4      | Noticed a phantom
  3393 | D:4      | Killed a phantom
  3393 | D:4      | Reached XP level 6. HP: 45/52 MP: 6/6
  3608 | D:4      | Noticed Grinder
  3619 | D:4      | Killed Grinder
  3619 | D:4      | Reached XP level 7. HP: 59/59 MP: 7/7
  3784 | D:4      | Found a glowing silver altar of Zin.
  4077 | D:5      | Entered Level 5 of the Dungeon
  4175 | D:5      | Reached skill level 5 in Axes
  4506 | D:5      | Reached **** piety under Trog
  4872 | D:5      | Reached XP level 8. HP: 67/67 MP: 8/8
  5437 | D:6      | Reached skill level 5 in Armour
  5485 | D:6      | Found an iron altar of Okawaru.
  5486 | D:6      | Noticed fatfloppyjuicyveiny's ghost (novice CeHu)
  5515 | D:6      | Killed fatfloppyjuicyveiny's ghost
  6049 | D:7      | Gained mutation: You are mostly covered in slimy green scales. (AC +3) [demonic ancestry]
  6049 | D:7      | Reached XP level 9. HP: 45/72 MP: 9/9
  6066 | D:6      | HP: 1/108 [warg (7)]
  6067 | D:6      | Slain by a warg

Skill      XL: |  1  2  3  4  5  6  7  8  9 |
---------------+----------------------------+-----
Axes           | 3 4 5 6 |  6.8
Fighting       | 4 5 6 7 |  7.0
Armour         | 4 6 7 |  7.0
Dodging        | |  1.7

Action                   |  1- 3 |  4- 6 |  7- 9 || total
-------------------------+-------+-------+-------++-------
Melee: Hand axe          |    76 |   273 |   405 ||   754
Invok: Berserk           |     2 |     2 |     5 ||     9
       Trog's Hand       |       |     1 |     2 ||     3
  Use: Scroll            |       |       |     5 ||     5
       Potion            |       |       |     1 ||     1
 Stab: Sleeping          |     1 |       |       ||     1
       Distracted        |       |       |     3 ||     3
  Eat: Chunk             |     2 |     5 |    14 ||    21
       Meat ration       |       |     1 |       ||     1
Armor: Animal skin       |     5 |       |       ||     5
       Chain mail        |    54 |   213 |    85 ||   352
       Plate armour      |       |       |   220 ||   220
       Skin              |       |       |    12 ||    12
Dodge: Dodged            |    46 |   118 |   118 ||   282
